 Dungeon Crawl Stone Soup version 0.25-a0-316-gd28d56f9c5 (webtiles) character file.

Game seed: 12097165478882920581, levelgen mode: deterministic

469 Gorglomux the Conjurer (level 6, -2/32 HPs)
             Began as a Deep Elf Conjurer on Dec 24, 2019.
             Slain by Grinder (11 damage)
             ... while paralysed by Grinder
             ... on level 4 of the Dungeon.
             The game lasted 00:08:58 (4427 turns).

Gorglomux the Conjurer (Deep Elf Conjurer)          Turns: 4427, Time: 00:08:58

Health: -2/32      AC:  3    Str:  5    XL:     6   Next: 82%
Magic:  14/17      EV:  2    Int: 22    God:
Gold:   270        SH:  0    Dex: 15    Spells: 4/18 levels left

rFire    + . .     SeeInvis .   (no weapon)
rCold    . . .     Gourm    .   (no shield)
rNeg     . . .     Faith    .   a - +0 robe
rPois    .         Spirit   .   (no helmet)
rElec    .         Reflect  .   t - +0 cloak
rCorr    .         Harm     .   (no gloves)
MR       .....                  (no boots)
Stlth    ++........             (no amulet)
HPRegen  0.10/turn              l - ring of flight
MPRegen  0.15/turn              f - ring of protection from fire

@: paralysed, very slightly contaminated
A: no striking features
a: Evoke Flight


You were on level 4 of the Dungeon.
You were not hungry.

You visited 1 branch of the dungeon, and saw 4 of its levels.
You also visited: Ossuary.

You collected 270 gold pieces.

Inventory:

Missiles
 d - 5 boomerangs (quivered)
Armour
 a - a +0 robe (worn)
 t - a +0 cloak (worn)
 w - a +0 buckler
Jewellery
 f - a ring of protection from fire (right hand)
 g - an uncursed ring of resist corrosion
 l - a ring of flight (left hand)
Wands
 E - a wand of enslavement (3)
Scrolls
 e - a scroll of amnesia {unknown}
 h - a scroll of blinking {unknown}
 i - a scroll of fear {unknown}
 j - a scroll of random uselessness {unknown}
 m - 2 scrolls of noise {unknown}
 n - a scroll of magic mapping {unknown}
 q - 4 scrolls of identify {unknown}
 r - 2 scrolls of enchant armour {unknown}
 u - 2 scrolls of teleportation {unknown}
 x - 4 scrolls of remove curse {unknown}
Potions
 b - 2 potions of heal wounds {unknown}
 k - a potion of haste {unknown}
 o - a potion of might {unknown}
 p - 2 potions of degeneration {unknown}
 s - 5 potions of brilliance
 v - 3 potions of lignification {unknown}
 F - 4 potions of curing
Comestibles
 c - 5 rations


   Skills:
 - Level 2.4 Dodging
 - Level 2.4 Stealth
 + Level 6.5 Spellcasting
 + Level 6.6 Conjurations
 + Level 3.4 Translocations


You had 4 spell levels left.
You knew the following spells:

 Your Spells              Type           Power        Failure   Level  Hunger
a - Magic Dart            Conj           ####         1%          1    None
b - Searing Ray           Conj           #####.       1%          2    None
c - Iskenderun's Mystic   Conj/Tloc      ####....     11%         4    ###....
d - Fulminant Prism       Conj/Hex       ###.......   22%         4    ###....
e - Dazzling Flash        Conj/Hex       ###...       7%          3    #......

Your spell library contained the following spells:

 Spells                   Type           Power        Failure   Level  Hunger
 Shock                    Conj/Air       ###.         2%          1    None
 Static Discharge         Conj/Air       ###.....     7%          3    #......
 Swiftness                Chrm/Air       #.......     13%         2    None
 Airstrike                Air            #.........   65%         4    ###....
 Lightning Bolt           Conj/Air       ###.......   52%         5    #####..


Dungeon Overview and Level Annotations

Branches:
Dungeon (4/15)            Ossuary (visited)
 Temple: D:4-7

Altars:
Ashenzari
Fedhas
Hepliaklqana

Annotations:
D:4 Grinder


Message History

Casting: Fulminant Prism (slightly dangerous; 22% risk of failure)
Confirm with ! or Enter, or press ? or * to list all spells!
You can't see any susceptible monsters within range!!! (Use Z to cast anyway!)
Casting: Fulminant Prism (slightly dangerous; 22% risk of failure)
Confirm with ! or Enter, or press ? or * to list all spells!
Aiming: Fulminant Prism (slightly dangerous; 22% risk of failure)
Press: ? - help, Dir - move butt cursor You miscast Fulminant Prism!
You are very lightly contaminated with residual magic!
Your skin tingles!
Grinder gestures at you!
You suddenly lose the ability to butt!!!
Grinder hits butt!!!
You writhe in agony!
Grinder hits you!
You writhe in agony! * * * don't die
* * * Butt gestures at you!
You struggle to resist!
Grinder hits you but does no damage! Grinder hits you!!! rip

#....÷.....####
####.#........#
#....####.##### ..
#.#### #.# ....###.##
#.# #......######.#
####.......##%#
##.#5...##.#
#.##@..##.#
###########...##.#
###.............##§#
####...#########...##.#
.....### #...##.#
.##### #...##.# .#
#...##># .# #...# .#
#####


You could see Grinder.

Vanquished Creatures
  A centaur (D:4)
  2 hounds (D:4)
  Crazy Yiuf (D:2)
  A centaur skeleton (D:4)
  Natasha (D:2)
  A worker ant (D:4)
  3 big kobold zombies (Ossuary)
  2 mummies (Ossuary)
  7 adders
  An ooze (D:2)
  3 adder zombies (Ossuary)
  3 worms
  A dart slug (D:1)
  3 leopard geckos
  3 orcs
  A ball python (D:4)
  4 giant cockroaches
  3 gnoll zombies (Ossuary)
  2 goblins
  8 hobgoblins
  3 quokkas
  4 bats (D:1)
  A frilled lizard (D:3)
  5 hobgoblin zombies (Ossuary)
  7 kobold zombies (Ossuary)
  4 orc zombies (Ossuary)
  A quokka skeleton (D:4)
  4 rats
  A fungus (D:2)
81 creatures vanquished.

Vanquished Creatures (others)
  2 fulminant prisms (D:4)
2 creatures vanquished.

Grand Total: 83 creatures vanquished

Notes
Turn   | Place    | Note
-------+----------+-------------------------------------------
     0 | D:1      | Gorglomux the Deep Elf Conjurer began the quest for the
                  | Orb.
     0 | D:1      | Reached XP level 1. HP: 10/10 MP: 6/6
   298 | D:1      | Reached XP level 2. HP: 15/15 MP: 4/8
   366 | D:1      | Learned a level 2 spell: Searing Ray
  1176 | D:2      | Reached XP level 3. HP: 19/19 MP: 6/10
  1198 | D:2      | Noticed Natasha
  1208 | D:2      | Killed Natasha
  1285 | D:2      | Reached XP level 4. HP: 23/24 MP: 5/12
  1302 | D:2      | Learned a level 4 spell: Iskenderun's Mystic Blast
  1975 | D:2      | Found a runed translucent door.
  1976 | D:2      | Noticed Crazy Yiuf
  1981 | D:2      | Killed Crazy Yiuf
  1981 | D:2      | Reached skill level 1 in Translocations
  2056 | D:3      | Found a blossoming altar of Fedhas.
  2317 | D:3      | Found a hazy altar of Hepliaklqana.
  2384 | D:3      | Found a shattered altar of Ashenzari.
  2620 | D:3      | Reached XP level 5. HP: 28/28 MP: 11/14
  3000 | D:4      | Found a sand-covered staircase.
  3086 | Ossuary  | Entered an ossuary
  3288 | Ossuary  | Reached skill level 6 in Conjurations
  3569 | Ossuary  | Reached XP level 6. HP: 22/32 MP: 4/16
  3816 | D:4      | Reached skill level 6 in Spellcasting
  3816 | D:4      | Reached skill level 3 in Translocations
  4179 | D:4      | Noticed Grinder
  4186 | D:4      | Learned a level 4 spell: Fulminant Prism
  4190 | D:4      | Learned a level 3 spell: Dazzling Flash
  4198 | D:4      | Paralysed by Grinder for 6 turns
  4220 | D:4      | Paralysed by Grinder for 5 turns
  4421 | D:4      | Paralysed by Grinder for 7 turns
  4427 | D:4      | Slain by Grinder

Levels and vault maps discovered:
D:1:      dpeg_arrival_houses_and_road, layout_basic, minivault_23
D:2:      layout_loops_corners, uniq_crazy_yiuf_cottage, uniq_natasha
D:3:      layout_loops_ring, nicolae_overflow_crystal_walls, lemuel_round_altar,
          nicolae_ashenzari_panopticon
D:4:      layout_rooms, lemuel_coloured_pillars_altar,
          gammafunk_temple_overflow_claw, first_ration,
          chequers_ossuary_entry_cave, uniq_grinder

Skill      XL: |  1  2  3  4  5  6 |
---------------+-------------------+-----
Spellcasting   | 4 5 6 |  6.5
Conjurations   | 5 6 |  6.6
Translocations | 1 2 3 |  3.4
Dodging        | |  2.4
Stealth        | |  2.4

Action                   |  1- 3 |  4- 6 || total
-------------------------+-------+-------++-------
Melee: Unarmed           |       |   117 ||   117
Throw: Boomerang         |       |     5 ||     5
 Cast: Magic Dart        |    41 |    56 ||    97
       Searing Ray       |     4 |    17 ||    21
       Iskenderun's Myst |       |    11 ||    11
       Fulminant Prism   |       |     2 ||     2
Evoke: Wand              |       |     7 ||     7
  Use: Potion            |       |     1 ||     1
  Eat: Chunk             |     1 |     8 ||     9
       Ration            |       |     1 ||     1
Armor: Robe              |     2 |    30 ||    32
Dodge: Dodged            |     3 |    49 ||    52

Table legend:
 A = Non-vault XP
 B = Vault XP
 C = Vault XP percentage of total XP
 D = Non-vault monster count
 E = Vault monster count
 F = Vault count percentage of total count
                 A         B        C        D         E       F
            +---------+---------+-------+---------+---------+-------
      Total |     450 |     220 |  32.8 |      51 |      29 |  36.2
            +---------+---------+-------+---------+---------+-------
        D:1 |      23 |       0 |   0.0 |      13 |       0 |   0.0
        D:2 |      79 |      76 |  49.0 |      17 |       2 |  10.5
        D:3 |      26 |       0 |   0.0 |       6 |       0 |   0.0
        D:4 |     322 |       0 |   0.0 |      15 |       0 |   0.0
    Ossuary |       0 |     144 | 100.0 |       0 |      27 | 100.0
            +---------+---------+-------+---------+---------+-------
